Map: [G8] Gresvan

Players

Maru

  • Race: Terran Terran
  • Spawn Location: 11:00

Clem - Winner!

  • Race: Terran Terran
  • Spawn Location: 5:00

Event: Gamers8 2023

VOD

Have the link to the VOD?

Description

Time

  • Played on: Aug. 5, 2023, 10:17 a.m.
  • Length: 10:17

All games in this series

Show
View Real Time Build Order
Export as new Build Order

Maru Terran 

Build Orders:  

Get SALT Encoding   

  12  0:00  SCV  
  13  0:12  SCV  
  14  0:17  Supply Depot  
  14  0:24  SCV  
  15  0:39  SCV  
  15  0:41  Barracks  
  16  0:43  Refinery  
  16  0:51  SCV  
  16  0:53  Refinery  
  17  1:03  SCV  
  18  1:15  SCV  
  19  1:28  Reaper, Orbital Command  
  19  1:32  Supply Depot  
  20  1:41  Factory  
  21  1:54  SCV  
  21  2:00  Reaper  
  22  2:06  SCV  
  23  2:18  SCV  
  24  2:23  Command Center  
  24  2:29  Hellion  
  26  2:31  SCV  
  26  2:33  Barracks Reactor  
  27  2:42  Starport  
  27  2:44  SCV  
  27  2:50  Supply Depot  
  28  2:54  Factory Tech Lab  
  28  2:56  SCV  
  29  3:09  SCV  
  29  3:11  Marine  
  29  3:12  Marine  
  32  3:13  Siege Tank  
  35  3:23  SCV  
  35  3:24  Medivac  
  38  3:29  Marine  
  39  3:34  Marine  
  39  3:40  SCV  
  41  3:45  Cyclone  
  41  3:46  Marine  
  45  3:52  Marine, SCV  
  47  3:56  Orbital Command  
  47  3:58  Starport Tech Lab  
  47  4:04  Marine  
  47  4:06  SCV  
  49  4:10  Marine  
  49  4:11  Supply Depot  
  50  4:17  Raven  
  50  4:18  SCV  
  50  4:22  Marine  
  54  4:32  Marine  
  54  4:33  SCV  
  54  4:40  Marine  
  54  4:42  Siege Tank  
  54  4:45  SCV, Orbital Command  
  58  4:53  Supply Depot  
  58  5:09  Supply Depot  
  56  5:15  SCV, Banshee  
  60  5:21  Command Center  
  60  5:27  SCV  
  61  5:30  Barracks Reactor  
  61  5:31  Siege Tank  
  63  5:39  SCV  
  60  5:51  SCV  
  60  5:57  Orbital Command  
  60  6:03  SCV  
  56  6:05  Raven  
  58  6:13  Marine x2  
  58  6:15  SCV  
  61  6:20  Refinery  
  61  6:21  Siege Tank  
  61  6:25  SCV  
  65  6:27  SCV  
  65  6:30  Barracks  
  65  6:32  Barracks  
  66  6:33  Orbital Command  
  66  6:37  SCV  
  68  6:40  SCV  
  68  6:44  Engineering Bay  
  68  6:45  Engineering Bay  
  68  6:49  Starport Tech Lab, SCV  
  68  6:52  SCV  
  70  7:01  SCV  
  71  7:02  Marine  
  71  7:03  Stimpack  
  71  7:04  SCV x2  
  71  7:10  Refinery  
  71  7:13  Barracks, SCV  
  71  7:14  Barracks  
  72  7:16  SCV  
  72  7:17  Terran Infantry Armor Level 1, Starport Reactor, Terran Infantry Weapons Level 1  
  72  7:21  SCV  
  74  7:24  Supply Depot  
  74  7:25  SCV  
  74  7:26  Missile Turret  
  74  7:27  Marine  
  76  7:32  Marine x2, Combat Shield  
  76  7:34  SCV  
  79  7:42  Marine  
  79  7:43  Supply Depot  
  83  7:45  Marine  
  83  7:47  Missile Turret  
  83  7:48  Supply Depot  
  83  7:50  Marine x2  
  86  7:54  Medivac  
  86  7:55  Medivac  
  86  7:57  SCV x2, Orbital Command  
  90  7:58  Supply Depot  
  90  7:59  Marine  
  90  8:02  Marine  
  90  8:05  Barracks Reactor x2  
  91  8:09  Siege Tank, SCV x2  
  96  8:20  Marine x2  
  96  8:21  Marine, SCV  
  96  8:22  SCV  
  96  8:24  SCV  
  96  8:25  Armory  
  102  8:30  Marine  
  102  8:34  SCV x2  
  104  8:36  SCV  
  104  8:38  Medivac, Marine x2  
  104  8:39  Supply Depot  
  109  8:45  Supply Depot  
  109  8:46  SCV x2  
  109  8:48  SCV  
  112  8:49  Siege Tank, Marine  
  112  8:55  Supply Depot  
  116  8:58  SCV x2, Orbital Command  
  116  8:59  Marine x6  
  116  9:00  Marine  
  113  9:07  Marine  
  100  9:10  SCV x2  
  100  9:17  Marine x3  
  102  9:21  Siege Tank  
  102  9:22  SCV  
  102  9:24  Marine x3  
  107  9:26  Marine  
  107  9:27  Marine  
  109  9:34  Marine  
  109  9:35  Marine x2  
  108  9:42  Marine x3  
  108  9:44  Marine  
  108  9:45  Marine  
  110  9:52  Marine x2  
Show
View Real Time Build Order
Export as new Build Order

Clem Terran - Winner!

Build Orders:  

Get SALT Encoding   

  12  0:00  SCV  
  13  0:12  SCV  
  14  0:16  Supply Depot  
  14  0:24  SCV  
  15  0:38  SCV  
  15  0:39  Barracks  
  15  0:42  Refinery  
  16  0:50  SCV  
  16  0:52  Refinery  
  17  1:02  SCV  
  18  1:14  SCV  
  19  1:26  Reaper  
  19  1:27  Orbital Command  
  20  1:33  Supply Depot  
  20  1:41  Factory  
  20  1:52  SCV  
  21  2:00  Barracks Reactor  
  21  2:04  SCV  
  22  2:15  Command Center  
  22  2:18  SCV  
  23  2:25  Hellion  
  25  2:30  SCV  
  25  2:33  Supply Depot  
  26  2:37  Reaper x2  
  26  2:43  SCV  
  29  2:47  Starport  
  29  2:50  Factory Tech Lab  
  29  2:55  SCV  
  30  3:07  SCV  
  30  3:09  Marine x2  
  33  3:13  Siege Tank  
  33  3:17  Refinery  
  36  3:20  SCV  
  37  3:28  Orbital Command  
  37  3:31  Medivac  
  37  3:33  Marine  
  40  3:34  Marine  
  40  3:37  SCV  
  42  3:45  Supply Depot  
  42  3:50  Cyclone  
  42  3:52  SCV  
  42  3:54  SCV  
  47  3:58  Marine  
  47  4:00  Marine  
  49  4:03  Starport Tech Lab  
  49  4:05  SCV  
  49  4:07  SCV  
  51  4:13  Supply Depot  
  51  4:16  Marine  
  52  4:17  Marine  
  52  4:18  SCV  
  52  4:19  SCV  
  52  4:21  Raven  
  57  4:28  Siege Tank  
  57  4:33  SCV  
  55  4:39  Marine  
  55  4:43  Marine  
  55  4:44  Supply Depot  
  57  4:52  Supply Depot  
  56  5:06  Raven, SCV x2  
  60  5:07  Supply Depot  
  60  5:18  SCV  
  60  5:30  SCV  
  60  5:33  Orbital Command  
  60  5:35  Siege Tank  
  60  5:36  Supply Depot  
  60  5:37  Supply Depot  
  60  5:39  Barracks  
  60  5:42  Raven, SCV  
  63  5:54  SCV  
  61  5:59  SCV  
  59  6:06  SCV  
  59  6:08  Siege Tank  
  59  6:10  Barracks  
  63  6:12  SCV  
  64  6:19  SCV  
  64  6:24  SCV  
  66  6:29  Starport Reactor  
  66  6:31  SCV  
  66  6:32  Command Center  
  67  6:36  SCV  
  68  6:40  Stimpack  
  68  6:41  Siege Tank  
  68  6:43  SCV  
  72  6:48  SCV  
  72  6:49  Marine  
  72  6:51  Refinery  
  72  6:55  SCV  
  72  7:00  SCV  
  71  7:07  Marine, SCV  
  72  7:12  Marine x2, SCV  
  72  7:13  Siege Tank  
  78  7:17  Starport Reactor  
  78  7:19  SCV  
  79  7:24  SCV  
  79  7:25  Marine, Barracks  
  79  7:27  Engineering Bay  
  79  7:28  Engineering Bay  
  81  7:30  Marine x2  
  81  7:31  SCV  
  81  7:36  SCV  
  85  7:40  Supply Depot  
  85  7:42  Marine  
  85  7:43  SCV  
  87  7:44  Orbital Command  
  87  7:45  Siege Tank  
  87  7:47  Marine  
  87  7:48  SCV  
  87  7:51  Marine  
  93  7:54  Medivac x2  
  97  8:01  Marine  
  97  8:04  Terran Infantry Weapons Level 1  
  98  8:06  Terran Infantry Armor Level 1  
  98  8:09  Supply Depot  
  98  8:10  Marine  
  98  8:12  Marine, SCV  
  101  8:14  Barracks Reactor  
  101  8:15  SCV  
  101  8:16  Supply Depot  
  101  8:17  Orbital Command  
  101  8:19  Marine  
  102  8:20  Combat Shield  
  102  8:22  Supply Depot  
  102  8:23  Siege Tank  
  102  8:25  SCV  
  106  8:27  SCV  
  106  8:33  Marine x2  
  109  8:34  Supply Depot  
  109  8:37  Marine, SCV  
  109  8:40  SCV  
  112  8:41  Medivac  
  112  8:42  Medivac  
  116  8:51  Barracks  
  116  8:53  Barracks  
  116  8:54  Marine  
  112  8:56  Marine x2  
  112  8:57  Marine  
  112  8:58  Marine  
  116  9:06  SCV  
  116  9:09  SCV x2  
  117  9:10  Refinery x2  
  117  9:12  Siege Tank, Marine  
  117  9:14  Marine x2  
  117  9:16  Marine  
  124  9:18  SCV  
  124  9:20  Marine  
  124  9:21  SCV  
  127  9:25  SCV  
  127  9:27  Medivac  
  127  9:30  Marine  
  131  9:32  Marine  
  131  9:33  Marine, Supply Depot  
  131  9:36  SCV  
  131  9:37  Marine, SCV  
  135  9:39  Orbital Command  
  135  9:43  Barracks Reactor  
  135  9:44  Barracks Reactor  
  128  9:47  Marine  
  128  9:51  Marine x2  
  133  9:56  Marine  
  133  9:57  Marine  
  133  9:58  SCV x2  
Tags
 
Matchup
TvT
Player
ClemMaru
Race
Terran
Spawn Locations
Cross Positions
Add a new tag
Caveats
  • Supply blocks, unpowered buildings, or Contaminate may cause inaccurate times.
  • Supply counts are checked every 10 seconds.